 Dungeon Crawl Stone Soup version 0.22-a0-284-g99d1f74 (webtiles) character file.

178 Firecrotchwizard the Poker (level 5, -1/43 HPs)
             Began as a Merfolk Gladiator on Mar 22, 2018.
             Slain by a howler monkey (6 damage)
             ... on level 4 of the Dungeon.
             The game lasted 00:04:11 (2027 turns).

Firecrotchwizard the Poker (Merfolk Gladiator)      Turns: 2027, Time: 00:04:12

Health: -1/43      AC:  7    Str: 15    XL:     5   Next: 58%
Magic:  5/5        EV: 13    Int:  7    God:
Gold:   110        SH:  0    Dex: 16    Spells: 4/4 levels left

rFire    . . .     SeeInvis .   a - +0 trident
rCold    . . .     Gourm    .   (no shield)
rNeg     . . .     Faith    .   k - +0 ring mail
rPois    .         Spirit   .   n - +1 helmet
rElec    .         Reflect  .   (no cloak)
rCorr    .         Harm     .   (no gloves)
MR       .....     Rnd*Tele +   (no boots)
Stlth    +.........             (no amulet)
HPRegen  0.14/turn              m - ring of teleportation (curse) {+/*tele, !d}
MPRegen  0.09/turn              (no ring)

@: no status effects
A: change form in water, swift swim, stealthy swim
a: no special abilities


You were on level 4 of the Dungeon.
You were not hungry.

You visited 1 branch of the dungeon, and saw 4 of its levels.

You collected 110 gold pieces.

Inventory:

Hand Weapons
 a - a +0 trident (weapon)
 e - a +1 dagger of holy wrath
   (You took it off a kobold on level 1 of the Dungeon)
 o - a +1 dagger of freezing
   (You found it on level 2 of the Dungeon)
Missiles
 d - 3 throwing nets {=f, !d}
Armour
 k - a +0 ring mail (worn)
   (You found it on level 2 of the Dungeon)
 n - a +1 helmet (worn)
   (You found it on level 2 of the Dungeon)
 q - a +0 buckler
   (You found it on level 3 of the Dungeon)
Jewellery
 m - a cursed ring of teleportation (left hand) {+/*tele, !d}
   (You found it on level 2 of the Dungeon)
Scrolls
 j - a scroll of fear
 p - a scroll of identify {unknown}
 r - 3 scrolls of amnesia {unknown}
 s - a scroll of enchant weapon {unknown}
 t - a scroll of teleportation {unknown}
Potions
 b - a potion of agility {unknown}
 c - 2 potions of lignification {unknown}
 h - a potion of flight {unknown}
 i - 4 potions of curing {unknown}
 l - a potion of might {unknown}
Comestibles
 f - 3 rations {@e1}
 g - 12 chunks of flesh {@w0}


   Skills:
 + Level 4.6 Fighting
 + Level 6.9 Polearms
 - Level 2.0 Throwing
 - Level 4.0 Dodging


You had 4 spell levels left.
You didn't know any spells.

Dungeon Overview and Level Annotations

Branches:
Dungeon (4/15)
 Temple: D:4-7

Altars:
Okawaru

Annotations:
D:4 Grinder, Ijyb


Message History

You kill the hobgoblin!
The goblin barely misses you.
Items here: ) ††† a club; a hobgoblin corpse; an iguana corpse; a hobgoblin corpse You closely miss the goblin.
The goblin closely misses you.
You hit the goblin. The goblin hits you.
You take 1 damage, and have 17/43 hp.
You barely miss the goblin. The goblin closely misses you.
You puncture the goblin!
You kill the goblin!
You puncture the goblin!
You kill the goblin!
You closely miss the goblin. The goblin hits you but does no damage.
You puncture the goblin!
You kill the goblin!
You closely miss the goblin.
You hear the rusting of a very distant drain.
The goblin hits you but does no damage.
You hit the goblin.
You kill the goblin!
Items here: )) ††† a club; a dagger; a goblin corpse x3
You butcher the goblin corpse.
g - 3 chunks of flesh {@w0} (gained 1)
Items here: )) †† a club; a dagger; a goblin corpse x2
Items here: ) ††† a club; a hobgoblin corpse; an iguana corpse; a hobgoblin corpse You butcher the hobgoblin corpse.
g - 4 chunks of flesh {@w0} (gained 1)
Things that are here:
a club; an iguana corpse; a hobgoblin corpse
Things that are here:
a dagger; a club; a goblin corpse You butcher the goblin corpse.
g - 5 chunks of flesh {@w0} (gained 1)
Things that are here:
a dagger; a club
Things that are here:
a club; an iguana corpse; a hobgoblin corpse You butcher the iguana corpse.
g - 8 chunks of flesh {@w0} (gained 3)
Things that are here:
a club; a hobgoblin corpse You butcher the hobgoblin corpse.
g - 12 chunks of flesh {@w0} (gained 4)
You see here a club.
You start resting.
A frilled lizard comes into view.
The frilled lizard hisses angrily.
Items here: )) †† a club; a dagger; a goblin corpse x2
Your ring mail prevents you from hitting the frilled lizard.
You hit the frilled lizard.
You kill the frilled lizard!
You start resting.
You hear the rusting of a very distant drain.
You regained 4 hp, and now have 25/43 hp.
You start resting.
You are suddenly yanked towards a nearby monster!
Your surroundings suddenly seem different.
Grinder comes into view.
Grinder shouts!
You regained 3 hp, and now have 28/43 hp.
Unknown command.
Okay, then.
A howler monkey comes into view.
The howler monkey howls!
The howler monkey hoots and howls with incredible vigour!
You hear a shout! x4
You see here 17 stones.
You hit Grinder.
Grinder blinks!
You hit the howler monkey. The howler monkey misses you.
Grinder gestures at you.
You suddenly lose the ability to move!
The howler monkey hoots and howls with incredible vigour!
You hear a shout! x2
The howler monkey hits you but does no damage.
The howler monkey barely misses you.
The howler monkey hits you but does no damage.
Grinder hits you.
You writhe in agony.
The howler monkey hits you but does no damage.
Grinder hits you but does no damage. The howler monkey hits you.
Grinder hits you!
The howler monkey hits you but does no damage.
Grinder barely misses you.
You can move again.
You take 16 damage, and have 13/43 hp.
MASSIVE DAMAGE!!
You hit Grinder but do no damage. The howler monkey hits you.
* * * LOW HITPOINT WARNING * * *
Grinder barely misses you. The howler monkey misses you.
You take 4 damage, and have 9/43 hp.
You closely miss Grinder. The howler monkey hits you.
* * * LOW HITPOINT WARNING * * *
Grinder closely misses you.
You take 4 damage, and have 5/43 hp.
Unknown command.
You puncture Grinder! The howler monkey hits you.
You die...

..... #......
#......
##..... ......
#.... ##....##
###
##.....h###..#
......5@(....#
.#..###.....##
#####...#
##...# ####


You could see Grinder and a howler monkey.

Vanquished Creatures
  A worker ant (D:4)
  An iguana (D:4)
  Robin (D:4)
  3 adders
  2 oozes
  2 dart slugs
  A leopard gecko (D:1)
  An orc (D:3)
  2 ball pythons
  4 giant cockroaches
  10 goblins
  13 hobgoblins
  4 jackals (D:2)
  A quokka (D:4)
  9 bats
  4 frilled lizards
  7 kobolds
  7 rats
73 creatures vanquished.

Notes
Turn   | Place    | Note
-------+----------+-------------------------------------------
     0 | D:1      | Firecrotchwizard the Merfolk Gladiator began the quest for the Orb.
     0 | D:1      | Reached XP level 1. HP: 16/16 MP: 1/1
    96 | D:1      | Reached XP level 2. HP: 23/23 MP: 2/2
   111 | D:1      | Reached skill level 5 in Polearms
   192 | D:1      | Firecrotchwizard: %winrate
   192 | D:1      | Firecrotchwizard: !winrate
   192 | D:1      | Firecrotchwizard: %streak
   237 | D:1      | Reached skill level 3 in Fighting
   269 | D:1      | Reached XP level 3. HP: 25/29 MP: 3/3
   783 | D:2      | Reached XP level 4. HP: 34/37 MP: 4/4
   870 | D:2      | Reached skill level 6 in Polearms
  1369 | D:3      | Reached skill level 4 in Fighting
  1441 | D:3      | Found an iron altar of Okawaru.
  1783 | D:4      | Noticed Ijyb
  1783 | D:4      | Noticed a phantom
  1848 | D:4      | Reached XP level 5. HP: 39/42 MP: 5/5
  1878 | D:4      | Noticed Robin
  1908 | D:4      | Killed Robin
  2011 | D:4      | Noticed Grinder
  2018 | D:4      | Paralysed by Grinder for 7 turns
  2025 | D:4      | HP: 9/43 [howler monkey (4)]
  2027 | D:4      | Slain by a howler monkey

Vault maps used:
D:1:      dpeg_arrival_three_smaller_balls
D:3:      okawaru_trees_1
D:4:      old_standard_altar, portal_sewer_entry_c, first_ration,
          uniq_blork_the_orc, uniq_grinder, uniq_ijyb, uniq_robin,
          uniq_crazy_yiuf_cottage

Skill      XL: |  1  2  3  4 |
---------------+-------------+-----
Polearms       | 5 6 |  6.9
Fighting       | 3 4 |  4.6
Throwing       | |  2.0
Dodging        | |  4.0

Action                   |  1- 3 |  4- 6 || total
-------------------------+-------+-------++-------
Melee: Trident           |   130 |   125 ||   255
  Use: Scroll            |     2 |       ||     2
 Stab: Sleeping          |     2 |     1 ||     3
  Eat: Chunk             |       |     2 ||     2
       Ration            |       |     1 ||     1
Armor: Leather armour    |    26 |     7 ||    33
       Ring mail         |       |    45 ||    45
Dodge: Dodged            |    91 |    85 ||   176

Table legend:
 A = Spawn XP
 B = Non-spawn XP
 C = Spawn XP percentage of total XP
 D = Spawn monster count
 E = Non-spawn monster count
 F = Spawn count percentage of total count
 G = Total turns spent on level
                    A         B        C        D         E        F      G
               +---------+---------+-------+---------+---------+-------+---------
         Total |       0 |     255 |   0.0 |       0 |      73 |   0.0 |  2027
               +---------+---------+-------+---------+---------+-------+---------
           D:1 |       0 |      45 |   0.0 |       0 |      24 |   0.0 |   486
           D:2 |       0 |      62 |   0.0 |       0 |      23 |   0.0 |   583
           D:3 |       0 |      37 |   0.0 |       0 |      11 |   0.0 |   766
           D:4 |       0 |     111 |   0.0 |       0 |      15 |   0.0 |   192
               +---------+---------+-------+---------+---------+-------+---------

Vault maps used:
D:1:      dpeg_arrival_three_smaller_balls
D:3:      okawaru_trees_1
D:4:      old_standard_altar, portal_sewer_entry_c, first_ration,
          uniq_blork_the_orc, uniq_grinder, uniq_ijyb, uniq_robin,
          uniq_crazy_yiuf_cottage

Table legend:
 A = Turns spent in this place as a percentage of turns spent in the entire game.
 B = Non-inter-level travel turns spent in this place as a percentage of non-inter-level travel turns spent in the entire game.
 C = Inter-level travel turns spent in this place as a percentage of turns spent in this place.
 D = Turns resting spent in this place as a percentage of non-inter-level travel turns spent in this place.
 E = Turns spent auto-exploring this place as a percentage of non-inter-level travel turns spent in this place.
 F = Non-inter-level travel turns spent in this place divided by the number of levels of this place that you've seen.
                   A       B       C       D       E      F
               +-------+-------+-------+-------+-------+----------------------
         Total | 100.0 | 100.0 |  11.8 |   9.3 |  64.7 | 446.8
       Dungeon | 100.0 | 100.0 |  11.8 |   9.3 |  64.7 | 446.8
               +-------+-------+-------+-------+-------+----------------------

Table legend:
 A = Kills in this place as a percentage of kills in entire the game.
 B = Kills by you in this place as a percentage of kills by you in the entire game.
 C = Kills by friends in this place as a percentage of kills by friends in the entire game.
 D = Other kills in this place as a percentage of other kills in the entire game.
 E = Experience gained in this place as a percentage of experience gained in the entire game.
 F = Experience gained in this place divided by the number of levels of this place that you have seen.
                   A       B       C       D       E      F
               +-------+-------+-------+-------+-------+----------------------
         Total | 100.0 | 100.0 |   N/A |   N/A | 100.0 |  63.8
       Dungeon | 100.0 | 100.0 |   N/A |   N/A | 100.0 |  63.8
               +-------+-------+-------+-------+-------+----------------------
